 Dungeon Crawl Stone Soup version 0.18-a0-1730-g73f0523 (webtiles) character file.

112 nubinia the Grave Robber (level 4, 0/30 HPs)
             Began as a Demonspawn Necromancer on Apr 10, 2016.
             Slain by a kobold
             ... wielding a +0 short sword
              (5 damage)
             ... on level 3 of the Dungeon.
             The game lasted 00:15:43 (2780 turns).

nubinia the Grave Robber (Demonspawn Necromancer)   Turns: 2780, Time: 00:15:44

Health: 0/30       AC:  4    Str:  9    XL:     4   Next: 63%
Magic:  2/7        EV: 12    Int: 17    God:
Gold:   92         SH:  0    Dex: 13    Spells: 3 memorised, 3 levels left

rFire  + . .     SeeInvis .     d - +0 club
rCold  + . .     Gourm    .     a - +0 robe
rNeg   . . .     Faith    +     (no shield)
rPois  .         Spirit   .     l - +0 helmet
rElec  .         Dismiss  .     f - +0 cloak
rCorr  .         Reflect  .     (no gloves)
SustAt .         Harm     .     (no boots)
MR     +....                    n - amulet of faith
Stlth  ++........               o - ring of protection from cold
                                j - +2 ring of intelligence

@: somewhat resistant to hostile enchantments, unstealthy
A: dopey 1, fire resistance 1, low mp 1, magic resistance 1, flame cloud
immunity
a: no special abilities


You were on level 3 of the Dungeon.
You were not hungry.

You visited 1 branch of the dungeon, and saw 3 of its levels.

You collected 92 gold pieces.

Inventory:

Hand Weapons
 d - a +0 club (weapon)
Armour
 a - a +0 robe (worn)
 f - a +0 cloak (worn)
 l - a +0 helmet (worn)
Jewellery
 j - a +2 ring of intelligence (left hand)
 n - an amulet of faith (around neck)
 o - a ring of protection from cold (right hand)
Scrolls
 e - 4 scrolls of identify
 g - a scroll of fog {unknown}
 i - a scroll of teleportation {unknown}
 m - a scroll of remove curse {unknown}
 q - a scroll of blinking {unknown}
 r - a scroll of amnesia {unknown}
Potions
 k - a potion of brilliance
 s - a potion of magic
Books
 b - a book of Necromancy

   Spells                             Type                      Level
   a - Pain                           Necromancy                   1
   b - Animate Skeleton               Necromancy                   1
   c - Vampiric Draining              Necromancy                   3
   d - Regeneration                   Charms/Necromancy            3
   e - Animate Dead                   Necromancy                   4
   f - Control Undead                 Necromancy                   4
Comestibles
 c - 3 bread rations
 h - 2 chunks of flesh
 p - a meat ration


   Skills:
 + Level 0.2 Fighting
 + Level 0.6 Maces & Flails
 + Level 2.5 Dodging
 + Level 2.1 Stealth
 + Level 2.7 Spellcasting
 + Level 5.4 Necromancy


You had 3 spell levels left.
You knew the following spells:

 Your Spells              Type           Power        Failure   Level  Hunger
a - Pain                  Necr           ###.         1%          1    #......
b - Vampiric Draining     Necr           ###.......   8%          3    ###....
S - Animate Skeleton      Necr           N/A          1%          1    #......


Dungeon Overview and Level Annotations

Branches:
Dungeon (3/15)

Altars:
Elyvilon
Sif Muna


Innate Abilities, Weirdness & Mutations

Your flesh is heat resistant.
You are immune to clouds of flame.
You are dopey. (Int -2)
Your magical capacity is low (-10% MP).
You are resistant to hostile enchantments.


Message History

* * * LOW HITPOINT WARNING * * *
The goblin shoots a stone.
The stone misses you.
You are too injured to fight recklessly!
You are too injured to fight recklessly!
Found a metal-bound book.
The goblin shoots a stone.
The stone closely misses you.
You see here a stone.
A quokka comes into view.
You feel sick.
You are no longer poisoned.
Found a stone staircase leading up.
Found a mace.
A hobgoblin comes into view.
The hobgoblin shouts!
The quokka bites you.
* * * LOW HITPOINT WARNING * * *
Found 12 gold pieces and a glowing dagger.
The quokka closely misses you. The kobold hits you with a short sword.
You die...

#.......†.#
##....... #.......##
#......
........(######.....
.####.........##....
.......#(#....## ###
###...>#.#..(..#
....
#....#.......#.....
#....###.or......#
###..# #.gK@..<#
#..........:.....
#$..........#.###
#)#.##.......).. .
#..g......### #
...#......#
.#..........
...#.....#.#


You could see an orc, a quokka, a hobgoblin, a goblin and a kobold.

Vanquished Creatures
  4 adders
  An ooze (D:2)
  2 worms (D:2)
  A dart slug (D:2)
  3 giant geckos
  10 bats
  2 giant cockroaches (D:1)
  8 goblins
  6 hobgoblins
  3 kobolds
  4 giant newts (D:1)
  11 rats
55 creatures vanquished.

Vanquished Creatures (collateral kills)
  2 worms (D:2)
  2 giant cockroaches
  2 goblins
  A giant newt (D:2)
  A rat (D:2)
8 creatures vanquished.

Grand Total: 63 creatures vanquished

Notes
Turn   | Place    | Note
--------------------------------------------------------------
     0 | D:1      | nubinia the Demonspawn Necromancer began the quest for the Orb.
     0 | D:1      | Reached XP level 1. HP: 13/13 MP: 3/3
     2 | D:1      | Learned a level 1 spell: Animate Skeleton
   402 | D:1      | Gained mutation: Your flesh is heat resistant. [demonic ancestry]
   402 | D:1      | Reached XP level 2. HP: 15/19 MP: 3/5
  1416 | D:1      | Reached skill level 5 in Necromancy
  1416 | D:1      | Reached XP level 3. HP: 19/24 MP: 2/6
  1421 | D:1      | Learned a level 3 spell: Vampiric Draining
  1627 | D:2      | Gained mutation: You are resistant to hostile enchantments. [potion of mutation]
  1627 | D:2      | Gained mutation: Your magical capacity is low (-10% MP). [potion of mutation]
  1627 | D:2      | Gained mutation: You are dopey. (Int -2) [potion of mutation]
  1887 | D:2      | Found a deep blue altar of Sif Muna.
  1955 | D:2      | Gained mutation: You are immune to clouds of flame. [demonic ancestry]
  1955 | D:2      | Reached XP level 4. HP: 20/30 MP: 3/7
  2358 | D:2      | Found a white marble altar of Elyvilon.
  2780 | D:3      | Slain by a kobold

Vault maps used:
D:1:      dpeg_arrival_subterranean_lakeside_camping
D:2:      old_standard_altar, nicolae_overflow_crystal_walls
D:3:      kennysheep_big_flooded_room, minmay_misc_feat_hallway

Skill      XL: |  1  2  3 |
---------------+----------+-----
Dodging        | 2 |  2.5
Necromancy     | 5 |  5.4
Stealth        | 2 |  2.1
Fighting       | |  0.2
Maces & Flails | |  0.6
Spellcasting   | |  2.7

Action                   |  1- 3 |  4- 6 || total
-------------------------+-------+-------++-------
Melee: Club              |    97 |    68 ||   165
 Cast: Pain              |    37 |    10 ||    47
       Animate Skeleton  |    12 |     8 ||    20
       Vampiric Draining |     3 |     7 ||    10
  Use: Potion            |     3 |     1 ||     4
       Scroll            |     1 |       ||     1
 Stab: Sleeping          |     3 |     2 ||     5
       Distracted        |       |     1 ||     1
  Eat: Chunk             |     4 |     4 ||     8
